Penguins vs Bruins

Created - 1 mars 2018 at 15:55

Goals
1 2 3 T
Penguins 2 0 1 3
Bruins 3 0 1 4
Shots
1 2 3 T
Penguins 6 8 14 28
Bruins 11 10 11 32

1st period

1. Bruins , Dion Phaneuf 13 (Brent Burns 28, James Van Riemsdyk 30) at 5:08 (PP)
2. Bruins , Alex Goligoski 11 (Brad Marchand 38, Rickard Rakell 3) at 5:40 (PP)
3. Penguins , Alexander Burmistrov 8 (Jiri Novotny 2, Jordan Schroeder 12) at 5:56
4. Penguins , Jiri Novotny 1 (Dan Hamhuis 42, Jordan Schroeder 13) at 10:34
5. Bruins , Phil Kessel 21 (Scott Gomez 14, Alex Goligoski 21) at 14:31

Penalties :
Kevin Klein (PIT) for Tripping (Minor) at 4:33, Kurtis Foster (PIT) for Tripping (Minor) at 4:54

2nd period

No Goal

Penalties :
Kyle Quincey (PIT) for Hooking (Minor) at 10:41

3rd period

6. Penguins , Dan Hamhuis 6 (Alexander Semin 17, Alexander Wennberg 28) at 14:58 (PP)
7. Bruins , Brent Burns 22 (Patrick O'Sullivan 1) at 18:41

Penalties :
James Van Riemsdyk (BOS) for Hooking (Minor) at 1:25, Ryan McDonagh (BOS) for Interference (Minor) at 14:25, James Van Riemsdyk (BOS) for Hooking (Minor) at 18:48

Goalie Stats

Jon Gillies (PIT), 28 saves from 32 shots - (0,875), L, 2-5-0, 59:10 minutes
Dany Sabourin (BOS), 25 saves from 28 shots - (0,893), W, 3-1-1, 60:00 minutes

Players Stats for Penguins

Player Name              G  A  P  +/- PIM S  H  SB GA TA FO     MP     PP MP  PK MP  
------------------------------------------------------------------------------------
Alexander Burmistrov     1  0  1   2  0   3  1  0  0  0  0/0    13:56   1:18   0:00 
Alexander Semin          0  1  1   0  0   7  3  0  0  0  6/10   22:31   2:17   2:14 
Alexander Wennberg       0  1  1   0  0   3  0  0  0  0  16/26  22:25   2:25   2:00 
Dan Hamhuis              1  1  2   0  0   2  3  0  0  0  0/0    23:22   2:02   1:06 
Dustin Jeffrey           0  0  0   0  0   1  0  0  0  0  0/0     6:32   0:33   0:00 
Jiri Novotny             1  1  2   2  0   2  0  0  0  0  1/2    12:46   0:08   0:00 
Jordan Schroeder         0  2  2   2  0   1  0  0  0  0  8/17   13:56   1:18   0:00 
Kamil Kreps              0  0  0   0  0   1  0  0  0  0  3/6    19:37   0:45   0:52 
Kevin Klein              0  0  0   0  2   0  0  5  0  0  0/0    14:18   1:09   1:47 
Kurtis Foster            0  0  0   0  2   1  1  0  0  0  0/0    19:30   1:41   1:13 
Kyle Quincey             0  0  0   0  2   3  3  2  0  0  0/0    23:30   2:02   0:32 
Marcus Johansson         0  0  0  -2  0   1  0  0  0  0  9/14   19:51   2:25   0:52 
Mark Ardelan             0  0  0   0  0   0  7  3  0  0  0/0    19:35   0:00   1:33 
Matt Martin              0  0  0  -2  0   0  3  0  0  0  2/2    16:34   0:00   0:00 
Nick Ritchie             0  0  0  -2  0   2  0  0  0  0  0/2    16:34   0:00   0:00 
Nikita Soshnikov         0  0  0   0  0   0  3  0  0  0  0/0     5:59   0:00   0:00 
Olli Maata               0  0  0   0  0   1  0  1  0  0  0/0    19:42   0:32   0:00 
Perttu Lindgren          0  0  0   0  0   0  0  0  0  0  4/8     5:59   0:00   0:00 

Players Stats for Bruins

Player Name              G  A  P  +/- PIM S  H  SB GA TA FO     MP     PP MP  PK MP  
------------------------------------------------------------------------------------
Alex Goligoski           1  1  2   1  0   3  3  0  0  0  0/0    17:27   1:42   2:38 
Brad Marchand            0  1  1   1  0   4  2  0  0  0  1/11   22:58   1:59   2:08 
Brent Burns              1  1  2  -1  0   4  2  0  0  0  0/0    26:44   1:24   2:13 
Charlie Coyle            0  0  0   0  0   1  0  0  0  0  3/8     6:35   0:00   0:00 
Dale Weise               0  0  0   0  0   2  1  0  0  0  0/0     9:57   0:00   0:00 
Dion Phaneuf             1  0  1  -1  0   1  5  2  0  0  0/0    23:54   1:24   1:38 
Dmitri Kalinin           0  0  0   1  0   0  1  0  0  0  0/0    13:05   0:00   0:04 
James Van Riemsdyk       0  1  1  -1  4   2  1  0  0  0  1/1    19:26   1:07   0:33 
Jeff Tambellini          0  0  0   0  0   0  0  0  0  0  1/1     6:35   0:00   0:00 
Matt Hunwick             0  0  0   0  0   0  0  1  0  0  0/0    17:01   0:00   0:04 
Patrick O'Sullivan       0  1  1  -1  0   1  1  0  0  0  12/25  20:14   1:07   1:57 
Phil Kessel              1  0  1   1  0   3  0  0  0  0  1/1    20:50   1:59   0:00 
Rickard Rakell           0  1  1   0  0   2  2  0  0  0  5/19   12:36   1:59   0:40 
Ryan McDonagh            0  0  0   0  2   1  3  2  0  0  0/0    22:27   1:42   1:28 
Ryan O'Marra             0  0  0   0  0   0  3  0  0  0  1/1    10:03   0:00   0:06 
Scott Gomez              0  1  1   1  0   1  0  0  0  0  12/18  19:39   0:00   0:10 
Travis Moen              0  0  0   0  0   0  2  0  0  0  0/1     7:48   0:00   1:13 
Tyler Seguin             0  0  0  -1  0   7  2  0  0  0  1/1    18:55   1:07   0:00 

3 Stars

1 - Alex Goligoski (BOS)
2 - Jiri Novotny (PIT)
3 - Dan Hamhuis (PIT)

Power Play

Penguins - 1 on 3 Attempt(s) - 33,33%
Bruins - 2 on 3 Attempt(s) - 66,67%

Penalty Kill

Penguins - 1 on 3 Attempt(s) - 33,33% - Score 0 goal in Penalty Kill
Bruins - 2 on 3 Attempt(s) - 66,67% - Score 0 goal in Penalty Kill

Team Stat

Penguins - Hits : 24 - Faceoff Wins : 49 - Blocked Shots : 11 - Penalty Minutes : 6
Bruins - Hits : 28 - Faceoff Wins : 38 - Blocked Shots : 5 - Penalty Minutes : 6

Official

Referees : Fred LeBlanc and Ryan Hersey
Linesman : Dustin McCrank and Joe Maynard

Game Notes

Kevin Klein is injured at 5:09 of 3rd period (Back Surgery)

Finance

Level 1 -- Attendance: 3600 (60,00%) -- Ticket Income 720 000 $
Level 2 -- Attendance: 3000 (60,00%) -- Ticket Income 375 000 $
Level 3 -- Attendance: 1200 (60,00%) -- Ticket Income 108 000 $
Level 4 -- Attendance: 2400 (60,00%) -- Ticket Income 144 000 $
Luxury Box -- Attendance: 1000 (100,00%) -- Ticket Income 350 000 $
Game was played at the TD Banknorth Garden.
Total Attendance: 11200 (62,22%)
Total Ticket Income: 1 697 000 $
Other Income: 831 530 $
Total Income: 2 528 530 $

Penguins

5 vs 5 Forward 
   Center                   Left Wing                Right Wing               Time % Phy DF OF 
 1 Alexander Wennberg       Alexander Semin          Kamil Kreps              40     1   2  2  
 2 Marcus Johansson         Nick Ritchie             Matt Martin              30     1   2  2  
 3 Jordan Schroeder         Alexander Burmistrov     Jiri Novotny             20     1   2  2  
 4 Perttu Lindgren          Dustin Jeffrey           Nikita Soshnikov         10     1   2  2  

5 vs 5 Defense 
   Defense                  Defense                                           Time % Phy DF OF 
 1 Dan Hamhuis              Kyle Quincey                                      40     1   2  2  
 2 Kevin Klein              Kurtis Foster                                     30     1   2  2  
 3 Olli Maata               Mark Ardelan                                      20     1   2  2  
 4 Olli Maata               Mark Ardelan                                      10     1   2  2  

PowerPlay Forward 
   Center                   Left Wing                Right Wing               Time % Phy DF OF 
 1 Alexander Wennberg       Alexander Semin          Marcus Johansson         60     1   2  2  
 2 Kamil Kreps              Alexander Burmistrov     Jordan Schroeder         40     1   2  2  

PowerPlay Defense
   Defense                  Defense                                           Time % Phy DF OF 
 1 Dan Hamhuis              Kyle Quincey                                      60     1   2  2  
 2 Kevin Klein              Kurtis Foster                                     40     1   2  2  

Penalty Kill 4 Players Forward 
   Center                   Wing                     Time % Phy DF OF 
 1 Alexander Semin          Alexander Wennberg       60     1   2  2  
 2 Marcus Johansson         Kamil Kreps              40     1   2  2  

Penalty Kill 4 Players Defense
   Defense                  Defense                  Time % Phy DF OF 
 1 Dan Hamhuis              Kyle Quincey             60     1   2  2  
 2 Kevin Klein              Kurtis Foster            40     1   2  2  

Penalty Kill - 3 Players Forward 
   Forward                                           Time % Phy DF OF 
 1 Alexander Semin                                   60     1   2  2  
 2 Alexander Wennberg                                40     1   2  2  

Penalty Kill - 3 Players Defense
   Defense                  Defense                  Time % Phy DF OF 
 1 Dan Hamhuis              Kyle Quincey             60     1   2  2  
 2 Kevin Klein              Kurtis Foster            40     1   2  2  

4 vs 4 Forward 
   Center                   Wing                     Time % Phy DF OF 
 1 Alexander Semin          Alexander Wennberg       60     1   2  2  
 2 Marcus Johansson         Kamil Kreps              40     1   2  2  

4 vs 4 Defense
   Defense                  Defense                  Time % Phy DF OF 
 1 Dan Hamhuis              Kyle Quincey             60     1   2  2  
 2 Kevin Klein              Kurtis Foster            40     1   2  2  

Last Minutes Offensive
   Center                   Left Wing                Right Wing               Defense                  Defense                  
   Alexander Wennberg       Alexander Semin          Marcus Johansson         Dan Hamhuis              Kyle Quincey             

Last Minutes Defensive
   Center                   Left Wing                Right Wing               Defense                  Defense                  
   Alexander Wennberg       Alexander Semin          Marcus Johansson         Dan Hamhuis              Kyle Quincey             

Goaltenders
Starting : Jon Gillies              
Backup : Ilya Bryzgalov           

Extra Forwards
Normal : Dustin Jeffrey, Jiri Novotny, Perttu Lindgren - PP : Dustin Jeffrey, Jiri Novotny - PK : Perttu Lindgren
Extra Defensemen
Normal : Olli Maata, Mark Ardelan, Kevin Klein - PP : Olli Maata - PK : Mark Ardelan, Kevin Klein
Penalty Shots
Alexander Semin, Alexander Wennberg, Marcus Johansson, Kamil Kreps, Alexander Burmistrov
Custom OT Lines Forwards
Alexander Semin, Alexander Wennberg, Marcus Johansson, Kamil Kreps, Alexander Burmistrov, Jordan Schroeder, Dustin Jeffrey, Jiri Novotny, Perttu Lindgren, Nick Ritchie
Custom OT Lines Defensemen
Dan Hamhuis, Kyle Quincey, Kevin Klein, Kurtis Foster, Olli Maata

Scratches
Mike Fisher (Sprained Right Knee Injury), Mike Commodore (Healthy), Ondrej Pavelec (Healthy)

Bruins

5 vs 5 Forward 
   Center                   Left Wing                Right Wing               Time % Phy DF OF 
 1 Scott Gomez              Phil Kessel              Brad Marchand            39     1   2  2  
 2 Patrick O'Sullivan       James Van Riemsdyk       Tyler Seguin             37     1   2  2  
 3 Rickard Rakell           Ryan O'Marra             Dale Weise               15     1   2  2  
 4 Charlie Coyle            Jeff Tambellini          Travis Moen              9      1   2  2  

5 vs 5 Defense 
   Defense                  Defense                                           Time % Phy DF OF 
 1 Ryan McDonagh            Brent Burns                                       40     1   2  2  
 2 Matt Hunwick             Dion Phaneuf                                      30     1   2  2  
 3 Dmitri Kalinin           Alex Goligoski                                    20     1   2  2  
 4 Dion Phaneuf             Brent Burns                                       10     1   2  2  

PowerPlay Forward 
   Center                   Left Wing                Right Wing               Time % Phy DF OF 
 1 Rickard Rakell           Phil Kessel              Brad Marchand            60     1   2  2  
 2 Patrick O'Sullivan       James Van Riemsdyk       Tyler Seguin             40     1   2  2  

PowerPlay Defense
   Defense                  Defense                                           Time % Phy DF OF 
 1 Brent Burns              Dion Phaneuf                                      60     1   2  2  
 2 Ryan McDonagh            Alex Goligoski                                    40     1   2  2  

Penalty Kill 4 Players Forward 
   Center                   Wing                     Time % Phy DF OF 
 1 Brad Marchand            James Van Riemsdyk       60     1   2  2  
 2 Rickard Rakell           Travis Moen              40     1   2  2  

Penalty Kill 4 Players Defense
   Defense                  Defense                  Time % Phy DF OF 
 1 Alex Goligoski           Ryan McDonagh            60     1   2  2  
 2 Brent Burns              Dion Phaneuf             40     1   2  2  

Penalty Kill - 3 Players Forward 
   Forward                                           Time % Phy DF OF 
 1 James Van Riemsdyk                                60     1   2  2  
 2 Brad Marchand                                     40     1   2  2  

Penalty Kill - 3 Players Defense
   Defense                  Defense                  Time % Phy DF OF 
 1 Ryan McDonagh            Brent Burns              60     1   2  2  
 2 Dmitri Kalinin           Dion Phaneuf             40     1   2  2  

4 vs 4 Forward 
   Center                   Wing                     Time % Phy DF OF 
 1 Phil Kessel              Rickard Rakell           60     1   2  2  
 2 James Van Riemsdyk       Brad Marchand            40     1   2  2  

4 vs 4 Defense
   Defense                  Defense                  Time % Phy DF OF 
 1 Brent Burns              Alex Goligoski           60     1   2  2  
 2 Ryan McDonagh            Dion Phaneuf             40     1   2  2  

Last Minutes Offensive
   Center                   Left Wing                Right Wing               Defense                  Defense                  
   Patrick O'Sullivan       Scott Gomez              Brad Marchand            Brent Burns              Alex Goligoski           

Last Minutes Defensive
   Center                   Left Wing                Right Wing               Defense                  Defense                  
   Patrick O'Sullivan       Phil Kessel              James Van Riemsdyk       Ryan McDonagh            Dion Phaneuf             

Goaltenders
Starting : Dany Sabourin            
Backup : Tuukka Rask              

Extra Forwards
Normal : Brent Burns, Brad Marchand, Tyler Seguin - PP : Brent Burns, Rickard Rakell - PK : Brent Burns
Extra Defensemen
Normal : Alex Goligoski, Brent Burns, Ryan McDonagh - PP : Dion Phaneuf - PK : Ryan McDonagh, Brent Burns
Penalty Shots
James Van Riemsdyk, Rickard Rakell, Brad Marchand, Phil Kessel, Brent Burns
Custom OT Lines Forwards
Scott Gomez, Patrick O'Sullivan, Brad Marchand, Brent Burns, Phil Kessel, Travis Moen, James Van Riemsdyk, Tyler Seguin, Dale Weise, Rickard Rakell
Custom OT Lines Defensemen
Brent Burns, Dion Phaneuf, Ryan McDonagh, Dmitri Kalinin, Alex Goligoski

Scratches
Cody Franson (Bruised Right Leg Injury), John Tavares (Bruised Right Arm Injury), Filip Forsberg (Sprained Right Finger Injury)

% Time on Ice - Penguins

Lines # - Real PCT - Wanted PCT - Time Play
Normal Forward
1 - 34% - 40% - 18:00
2 - 31% - 30% - 16:34
3 - 24% - 20% - 12:38
4 - 11% - 10% - 5:59
Normal Defense
1 - 36% - 40% - 19:22
2 - 35% - 30% - 18:45
3 - 19% - 20% - 10:03
4 - 9% - 10% - 5:01
PP Forward
1 - 65% - 60% - 2:25
2 - 35% - 40% - 1:18
PP Defense
1 - 55% - 60% - 2:02
2 - 45% - 40% - 1:41
PK Forward
1 - 70% - 60% - 2:00
2 - 30% - 40% - 0:52
PK Defense
1 - 38% - 60% - 1:06
2 - 62% - 40% - 1:46
PK3 Forward
1 - 100% - 60% - 0:14
2 - 0% - 40% - 0:00
PK3 Defense
1 - 0% - 60% - 0:00
2 - 100% - 40% - 0:14
44 Forward
1 - 0% - 60%
2 - 0% - 40%
44 Defense
1 - 0% - 60%
2 - 0% - 40%
Last Minute Offensive  - 0:00
Last Minute Defensive  - 0:00
Total
Forward - 60:00
Defense - 60:00

% Time on Ice - Bruins

Lines # - Real PCT - Wanted PCT - Time Play
Normal Forward
1 - 35% - 39% - 18:51
2 - 33% - 37% - 17:48
3 - 19% - 15% - 9:57
4 - 12% - 9% - 6:35
Normal Defense
1 - 36% - 40% - 19:18
2 - 32% - 30% - 16:57
3 - 24% - 20% - 12:42
4 - 8% - 10% - 4:14
PP Forward
1 - 64% - 60% - 1:59
2 - 36% - 40% - 1:07
PP Defense
1 - 45% - 60% - 1:24
2 - 55% - 40% - 1:42
PK Forward
1 - 100% - 60% - 3:43
2 - 0% - 40% - 0:00
PK Defense
1 - 90% - 60% - 3:21
2 - 10% - 40% - 0:22
PK3 Forward
1 - 0% - 60%
2 - 0% - 40%
PK3 Defense
1 - 0% - 60%
2 - 0% - 40%
44 Forward
1 - 0% - 60%
2 - 0% - 40%
44 Defense
1 - 0% - 60%
2 - 0% - 40%
Last Minute Offensive  - 0:00
Last Minute Defensive  - 0:00
Total
Forward - 60:00
Defense - 60:00

Play by Play

1st period


0:01 of 1st period - Scott Gomez wins face-off versus Alexander Wennberg in neutral zone.
0:09 of 1st period - Ryan McDonagh is hit by Alexander Semin and loses puck.
0:18 of 1st period - Shot by Brad Marchand.
0:18 of 1st period - Shot Misses the Net.
1:30 of 1st period - Tyler Seguin is hit by Matt Martin and loses puck.
1:39 of 1st period - Shot by Kurtis Foster.
1:39 of 1st period - Shot Blocked by Dion Phaneuf.
2:39 of 1st period - Icing by Dmitri Kalinin.
2:40 of 1st period - Perttu Lindgren wins face-off versus Rickard Rakell in Bruins zone.
2:40 of 1st period - Dan Hamhuis is hit by Alex Goligoski and loses puck.
3:02 of 1st period - Nikita Soshnikov is hit by Alex Goligoski.
4:05 of 1st period - Shot by Phil Kessel.
4:05 of 1st period - Shot Misses the Net.
4:09 of 1st period - Shot by Brent Burns.
4:09 of 1st period - Stopped by Jon Gillies without a rebound.
4:10 of 1st period - Alexander Wennberg wins face-off versus Charlie Coyle in Penguins zone.
4:10 of 1st period - Alexander Wennberg is hit by Travis Moen.
4:33 of 1st period - Minor Penalty to Kevin Klein for Tripping.
4:34 of 1st period - Alexander Semin wins face-off versus Rickard Rakell in Penguins zone.
4:49 of 1st period - Shot by Brad Marchand.
4:49 of 1st period - Stopped by Jon Gillies without a rebound.
4:50 of 1st period - Patrick O'Sullivan wins face-off versus Alexander Semin in Penguins zone.
4:54 of 1st period - Minor Penalty to Kurtis Foster for Tripping.
4:55 of 1st period - Alexander Semin wins face-off versus Patrick O'Sullivan in Penguins zone.
5:06 of 1st period - Shot by Brent Burns.
5:06 of 1st period - Shot Misses the Net.
5:08 of 1st period - Shot by Dion Phaneuf.
5:08 of 1st period - Goal by Dion Phaneuf - Penguins : 0 - Bruins : 1.
5:09 of 1st period - Alexander Semin wins face-off versus Rickard Rakell in neutral zone.
5:18 of 1st period - Kevin Klein is hit by Brad Marchand.
5:38 of 1st period - Shot by Brad Marchand.
5:38 of 1st period - Shot Blocked by Kyle Quincey.
5:40 of 1st period - Shot by Alex Goligoski.
5:40 of 1st period - Goal by Alex Goligoski - Penguins : 0 - Bruins : 2.
5:41 of 1st period - Jordan Schroeder wins face-off versus Patrick O'Sullivan in neutral zone.
5:56 of 1st period - Shot by Alexander Burmistrov.
5:56 of 1st period - Goal by Alexander Burmistrov - Penguins : 1 - Bruins : 2.
5:57 of 1st period - Matt Martin wins face-off versus Charlie Coyle in neutral zone.
6:15 of 1st period - Icing by Travis Moen.
6:16 of 1st period - Charlie Coyle wins face-off versus Alexander Wennberg in Bruins zone.
6:34 of 1st period - Shot by Charlie Coyle.
6:34 of 1st period - Stopped by Jon Gillies without a rebound.
6:35 of 1st period - Matt Martin wins face-off versus Scott Gomez in Penguins zone.
6:35 of 1st period - Matt Martin is hit by Brad Marchand.
6:53 of 1st period - Shot by Marcus Johansson.
6:53 of 1st period - Shot Misses the Net.
7:16 of 1st period - Shot by Brad Marchand.
7:16 of 1st period - Stopped by Jon Gillies without a rebound.
7:17 of 1st period - Patrick O'Sullivan wins face-off versus Kamil Kreps in Penguins zone.
7:24 of 1st period - Olli Maata is hit by Tyler Seguin and loses puck.
7:37 of 1st period - Icing by Brent Burns.
7:38 of 1st period - Patrick O'Sullivan wins face-off versus Jiri Novotny in Bruins zone.
7:59 of 1st period - Shot by Tyler Seguin.
7:59 of 1st period - Shot Blocked by Kyle Quincey.
8:53 of 1st period - Shot by Phil Kessel.
8:53 of 1st period - Deflect By Brad Marchand.
8:53 of 1st period - Stopped by Jon Gillies with a rebound.
9:48 of 1st period - Shot by Dale Weise.
9:48 of 1st period - Stopped by Jon Gillies with a rebound.
9:56 of 1st period - Dion Phaneuf is hit by Matt Martin and loses puck.
10:12 of 1st period - Icing by Dale Weise.
10:13 of 1st period - Rickard Rakell wins face-off versus Jordan Schroeder in Bruins zone.
10:21 of 1st period - Icing by Jordan Schroeder.
10:22 of 1st period - Patrick O'Sullivan wins face-off versus Jordan Schroeder in Penguins zone.
10:22 of 1st period - Patrick O'Sullivan is hit by Dan Hamhuis.
10:24 of 1st period - Shot by Tyler Seguin.
10:24 of 1st period - Stopped by Jon Gillies with a rebound.
10:34 of 1st period - Shot by Jiri Novotny.
10:34 of 1st period - Goal by Jiri Novotny - Penguins : 2 - Bruins : 2.
10:35 of 1st period - Scott Gomez wins face-off versus Alexander Wennberg in neutral zone.
11:00 of 1st period - Shot by Scott Gomez.
11:00 of 1st period - Shot Misses the Net.
11:36 of 1st period - Shot by Matt Martin.
11:36 of 1st period - Shot Misses the Net.
12:28 of 1st period - Shot by Jordan Schroeder.
12:28 of 1st period - Shot Blocked by Ryan McDonagh.
12:34 of 1st period - Shot by Kurtis Foster.
12:34 of 1st period - Stopped by Dany Sabourin without a rebound.
12:35 of 1st period - Jeff Tambellini wins face-off versus Perttu Lindgren in Bruins zone.
12:40 of 1st period - Off-side.
12:41 of 1st period - Jiri Novotny wins face-off versus Charlie Coyle in neutral zone.
12:52 of 1st period - Shot by Jiri Novotny.
12:52 of 1st period - Shot Blocked by Matt Hunwick.
12:58 of 1st period - Shot by Alexander Burmistrov.
12:58 of 1st period - Shot Misses the Net.
13:09 of 1st period - Jiri Novotny is hit by Dion Phaneuf and loses puck.
13:18 of 1st period - Shot by Jordan Schroeder.
13:18 of 1st period - Stopped by Dany Sabourin without a rebound.
13:19 of 1st period - Kamil Kreps wins face-off versus Patrick O'Sullivan in Bruins zone.
13:26 of 1st period - Kamil Kreps is hit by Patrick O'Sullivan and loses puck.
13:55 of 1st period - Shot by Kamil Kreps.
13:55 of 1st period - Shot Misses the Net.
14:27 of 1st period - Shot by Phil Kessel.
14:27 of 1st period - Shot Blocked by Mark Ardelan.
14:29 of 1st period - Shot by Scott Gomez.
14:29 of 1st period - Shot Misses the Net.
14:31 of 1st period - Shot by Phil Kessel.
14:31 of 1st period - Goal by Phil Kessel - Penguins : 2 - Bruins : 3.
14:32 of 1st period - Rickard Rakell wins face-off versus Perttu Lindgren in neutral zone.
14:37 of 1st period - Off-side.
14:38 of 1st period - Scott Gomez wins face-off versus Jordan Schroeder in neutral zone.
14:40 of 1st period - Off-side.
14:41 of 1st period - Marcus Johansson wins face-off versus Scott Gomez in neutral zone.
14:48 of 1st period - Shot by Nick Ritchie.
14:48 of 1st period - Shot Misses the Net.
14:54 of 1st period - Olli Maata is hit by Dion Phaneuf and loses puck.
15:28 of 1st period - Brad Marchand is hit by Mark Ardelan and loses puck.
16:07 of 1st period - Shot by Tyler Seguin.
16:07 of 1st period - Deflect By James Van Riemsdyk.
16:07 of 1st period - Stopped by Jon Gillies without a rebound.
16:08 of 1st period - Alexander Wennberg wins face-off versus Rickard Rakell in Penguins zone.
16:29 of 1st period - Shot by Alexander Wennberg.
16:29 of 1st period - Stopped by Dany Sabourin without a rebound.
16:30 of 1st period - Charlie Coyle wins face-off versus Jordan Schroeder in Bruins zone.
16:57 of 1st period - Jeff Tambellini is hit by Kyle Quincey and loses puck.
18:10 of 1st period - Shot by Alexander Wennberg.
18:10 of 1st period - Stopped by Dany Sabourin without a rebound.
18:11 of 1st period - Marcus Johansson wins face-off versus Patrick O'Sullivan in Bruins zone.
Goals for this period are 2 for Penguins vs 3 for Bruins.
Shots for this period are 6 for Penguins vs 11 for Bruins.

2nd period


0:01 of 2nd period - Alexander Wennberg wins face-off versus Scott Gomez in neutral zone.
0:03 of 2nd period - Kurtis Foster is hit by Ryan McDonagh and loses puck.
0:16 of 2nd period - Shot by Alexander Semin.
0:16 of 2nd period - Shot Hit the Post.
1:08 of 2nd period - Shot by Matt Martin.
1:08 of 2nd period - Shot Misses the Net.
1:33 of 2nd period - Icing by Brent Burns.
1:34 of 2nd period - Scott Gomez wins face-off versus Jordan Schroeder in Bruins zone.
1:59 of 2nd period - Tyler Seguin is hit by Alexander Burmistrov.
2:45 of 2nd period - Kamil Kreps is hit by Ryan O'Marra and loses puck.
3:16 of 2nd period - Shot by Alex Goligoski.
3:16 of 2nd period - Shot Misses the Net.
4:29 of 2nd period - Icing by Ryan McDonagh.
4:30 of 2nd period - Marcus Johansson wins face-off versus Patrick O'Sullivan in Bruins zone.
5:05 of 2nd period - Icing by Brad Marchand.
5:06 of 2nd period - Scott Gomez wins face-off versus Perttu Lindgren in Bruins zone.
5:06 of 2nd period - Scott Gomez is hit by Nikita Soshnikov.
5:12 of 2nd period - Shot by Brad Marchand.
5:12 of 2nd period - Shot Misses the Net.
5:19 of 2nd period - Scott Gomez is hit by Mark Ardelan and loses puck.
5:50 of 2nd period - Dion Phaneuf is hit by Mark Ardelan and loses puck.
6:24 of 2nd period - Icing by Kyle Quincey.
6:25 of 2nd period - Jordan Schroeder wins face-off versus Patrick O'Sullivan in Penguins zone.
6:36 of 2nd period - Shot by Alexander Burmistrov.
6:36 of 2nd period - Stopped by Dany Sabourin with a rebound.
6:56 of 2nd period - Icing by Ryan McDonagh.
6:57 of 2nd period - Alexander Semin wins face-off versus Patrick O'Sullivan in Bruins zone.
7:00 of 2nd period - Shot by Alexander Wennberg.
7:00 of 2nd period - Shot Blocked by Ryan McDonagh.
7:02 of 2nd period - Shot by Alexander Wennberg.
7:02 of 2nd period - Shot Misses the Net.
7:22 of 2nd period - Shot by Alexander Semin.
7:22 of 2nd period - Stopped by Dany Sabourin with a rebound.
7:24 of 2nd period - Shot by Alexander Semin.
7:24 of 2nd period - Shot Misses the Net.
7:26 of 2nd period - Shot by Kevin Klein.
7:26 of 2nd period - Shot Misses the Net.
7:30 of 2nd period - Shot by Alexander Wennberg.
7:30 of 2nd period - Stopped by Dany Sabourin without a rebound.
7:31 of 2nd period - Scott Gomez wins face-off versus Marcus Johansson in Bruins zone.
7:49 of 2nd period - Icing by Olli Maata.
7:50 of 2nd period - Charlie Coyle wins face-off versus Marcus Johansson in Penguins zone.
9:39 of 2nd period - Icing by Alex Goligoski.
9:40 of 2nd period - James Van Riemsdyk wins face-off versus Kamil Kreps in Bruins zone.
9:51 of 2nd period - Shot by Alex Goligoski.
9:51 of 2nd period - Shot Misses the Net.
9:53 of 2nd period - Shot by Alex Goligoski.
9:53 of 2nd period - Stopped by Jon Gillies without a rebound.
9:54 of 2nd period - Jordan Schroeder wins face-off versus Rickard Rakell in Penguins zone.
9:54 of 2nd period - Jordan Schroeder is hit by Dale Weise.
10:03 of 2nd period - Off-side.
10:04 of 2nd period - Patrick O'Sullivan wins face-off versus Alexander Wennberg in neutral zone.
10:04 of 2nd period - Brent Burns is hit by Alexander Semin and loses puck.
10:26 of 2nd period - Shot by Alexander Semin.
10:26 of 2nd period - Shot Misses the Net.
10:41 of 2nd period - Minor Penalty to Kyle Quincey for Hooking.
10:42 of 2nd period - Alexander Semin wins face-off versus Rickard Rakell in Penguins zone.
10:47 of 2nd period - Off-side.
10:48 of 2nd period - Rickard Rakell wins face-off versus Alexander Semin in neutral zone.
10:57 of 2nd period - Shot by Rickard Rakell.
10:57 of 2nd period - Shot Blocked by Kevin Klein.
10:59 of 2nd period - Shot by Phil Kessel.
10:59 of 2nd period - Stopped by Jon Gillies with a rebound.
11:01 of 2nd period - Shot by Alex Goligoski.
11:01 of 2nd period - Deflect By Brad Marchand.
11:01 of 2nd period - Shot Blocked by Kevin Klein.
11:19 of 2nd period - Shot by Alex Goligoski.
11:19 of 2nd period - Stopped by Jon Gillies without a rebound.
11:20 of 2nd period - Patrick O'Sullivan wins face-off versus Marcus Johansson in Penguins zone.
11:31 of 2nd period - Shot by Tyler Seguin.
11:31 of 2nd period - Stopped by Jon Gillies without a rebound.
11:32 of 2nd period - Patrick O'Sullivan wins face-off versus Alexander Semin in Penguins zone.
11:49 of 2nd period - Shot by Brent Burns.
11:49 of 2nd period - Stopped by Jon Gillies with a rebound.
11:51 of 2nd period - Shot by Tyler Seguin.
11:51 of 2nd period - Stopped by Jon Gillies without a rebound.
11:52 of 2nd period - Brad Marchand wins face-off versus Kamil Kreps in Penguins zone.
12:11 of 2nd period - Shot by Rickard Rakell.
12:11 of 2nd period - Deflect By Brad Marchand.
12:11 of 2nd period - Stopped by Jon Gillies with a rebound.
12:13 of 2nd period - Shot by Phil Kessel.
12:13 of 2nd period - Stopped by Jon Gillies without a rebound.
12:14 of 2nd period - Patrick O'Sullivan wins face-off versus Alexander Semin in Penguins zone.
12:29 of 2nd period - Shot by Brent Burns.
12:29 of 2nd period - Stopped by Jon Gillies without a rebound.
12:30 of 2nd period - Alexander Semin wins face-off versus Rickard Rakell in Penguins zone.
12:43 of 2nd period - Nick Ritchie is hit by Travis Moen and loses puck.
13:06 of 2nd period - Nick Ritchie is hit by Dion Phaneuf and loses puck.
13:36 of 2nd period - Jordan Schroeder is hit by Dion Phaneuf and loses puck.
13:53 of 2nd period - Shot by Jordan Schroeder.
13:53 of 2nd period - Shot Misses the Net.
14:25 of 2nd period - Icing by Brent Burns.
14:26 of 2nd period - Alexander Wennberg wins face-off versus Charlie Coyle in Bruins zone.
14:49 of 2nd period - Shot by Alexander Wennberg.
14:49 of 2nd period - Deflect By Alexander Semin.
14:49 of 2nd period - Stopped by Dany Sabourin without a rebound.
14:50 of 2nd period - Scott Gomez wins face-off versus Marcus Johansson in Bruins zone.
15:10 of 2nd period - Shot by Nick Ritchie.
15:10 of 2nd period - Stopped by Dany Sabourin without a rebound.
15:11 of 2nd period - Alexander Wennberg wins face-off versus Patrick O'Sullivan in Bruins zone.
15:19 of 2nd period - Off-side.
15:20 of 2nd period - Scott Gomez wins face-off versus Alexander Wennberg in neutral zone.
15:27 of 2nd period - Shot by Brad Marchand.
15:27 of 2nd period - Shot Misses the Net.
15:35 of 2nd period - Shot by Alexander Semin.
15:35 of 2nd period - Stopped by Dany Sabourin without a rebound.
15:36 of 2nd period - Marcus Johansson wins face-off versus Patrick O'Sullivan in Bruins zone.
15:47 of 2nd period - Shot by James Van Riemsdyk.
15:47 of 2nd period - Shot Misses the Net.
15:49 of 2nd period - Shot by Dmitri Kalinin.
15:49 of 2nd period - Shot Blocked by Kevin Klein.
15:57 of 2nd period - Shot by Patrick O'Sullivan.
15:57 of 2nd period - Stopped by Jon Gillies without a rebound.
15:58 of 2nd period - Phil Kessel wins face-off versus Alexander Wennberg in Penguins zone.
16:08 of 2nd period - Scott Gomez is hit by Dan Hamhuis and loses puck.
17:20 of 2nd period - Shot by Marcus Johansson.
17:20 of 2nd period - Stopped by Dany Sabourin with a rebound.
17:36 of 2nd period - Shot by Nick Ritchie.
17:36 of 2nd period - Stopped by Dany Sabourin with a rebound.
17:38 of 2nd period - Shot by Kevin Klein.
17:38 of 2nd period - Shot Misses the Net.
17:40 of 2nd period - Shot by Marcus Johansson.
17:40 of 2nd period - Deflect By Matt Martin.
17:40 of 2nd period - Shot Misses the Net.
17:59 of 2nd period - Icing by Mark Ardelan.
18:00 of 2nd period - Tyler Seguin wins face-off versus Jordan Schroeder in Penguins zone.
18:09 of 2nd period - Patrick O'Sullivan is hit by Mark Ardelan and loses puck.
19:57 of 2nd period - Kamil Kreps is hit by Ryan O'Marra and loses puck.
Goals for this period are 0 for Penguins vs 0 for Bruins.
Shots for this period are 8 for Penguins vs 10 for Bruins.

3rd period


0:01 of 3rd period - Alexander Wennberg wins face-off versus Scott Gomez in neutral zone.
1:25 of 3rd period - Minor Penalty to James Van Riemsdyk for Hooking.
1:26 of 3rd period - Jordan Schroeder wins face-off versus Travis Moen in Bruins zone.
3:28 of 3rd period - Dale Weise is hit by Nikita Soshnikov and loses puck.
3:34 of 3rd period - Rickard Rakell is hit by Nikita Soshnikov and loses puck.
3:43 of 3rd period - Icing by Mark Ardelan.
3:44 of 3rd period - Perttu Lindgren wins face-off versus Scott Gomez in Penguins zone.
4:04 of 3rd period - James Van Riemsdyk is hit by Mark Ardelan and loses puck.
4:16 of 3rd period - Mark Ardelan is hit by Tyler Seguin and loses puck.
4:24 of 3rd period - Icing by Mark Ardelan.
4:25 of 3rd period - Perttu Lindgren wins face-off versus Rickard Rakell in Penguins zone.
4:35 of 3rd period - Icing by Dmitri Kalinin.
4:36 of 3rd period - Alexander Wennberg wins face-off versus Rickard Rakell in Bruins zone.
4:45 of 3rd period - Shot by Rickard Rakell.
4:45 of 3rd period - Stopped by Jon Gillies without a rebound.
4:46 of 3rd period - Marcus Johansson wins face-off versus Patrick O'Sullivan in Penguins zone.
4:55 of 3rd period - Shot by Tyler Seguin.
4:55 of 3rd period - Shot Blocked by Kevin Klein.
4:57 of 3rd period - Shot by Ryan McDonagh.
4:57 of 3rd period - Shot Misses the Net.
5:07 of 3rd period - Shot by Tyler Seguin.
5:07 of 3rd period - Shot Misses the Net.
5:09 of 3rd period - Shot by Patrick O'Sullivan.
5:09 of 3rd period - Shot Blocked by Kevin Klein.
5:09 of 3rd period - Kevin Klein from Penguins is injured at 5:09 of 3rd period (Back Surgery).
5:10 of 3rd period - Alexander Wennberg wins face-off versus Scott Gomez in Penguins zone.
5:27 of 3rd period - Brad Marchand is hit by Dan Hamhuis and loses puck.
5:36 of 3rd period - Shot by Alexander Wennberg.
5:36 of 3rd period - Shot Misses the Net.
5:44 of 3rd period - Shot by Alexander Wennberg.
5:44 of 3rd period - Shot Misses the Net.
6:40 of 3rd period - Scott Gomez is hit by Matt Martin and loses puck.
8:26 of 3rd period - Shot by Rickard Rakell.
8:26 of 3rd period - Stopped by Jon Gillies without a rebound.
8:27 of 3rd period - Alexander Wennberg wins face-off versus Charlie Coyle in Penguins zone.
8:53 of 3rd period - Icing by Kurtis Foster.
8:54 of 3rd period - Patrick O'Sullivan wins face-off versus Alexander Wennberg in Penguins zone.
9:04 of 3rd period - Tyler Seguin is hit by Kurtis Foster and loses puck.
9:13 of 3rd period - Shot by Tyler Seguin.
9:13 of 3rd period - Shot Misses the Net.
9:15 of 3rd period - Shot by James Van Riemsdyk.
9:15 of 3rd period - Stopped by Jon Gillies with a rebound.
9:23 of 3rd period - Shot by Tyler Seguin.
9:23 of 3rd period - Stopped by Jon Gillies without a rebound.
9:24 of 3rd period - Ryan O'Marra wins face-off versus Nick Ritchie in Penguins zone.
9:24 of 3rd period - Brent Burns is hit by Mark Ardelan and loses puck.
9:32 of 3rd period - Icing by Mark Ardelan.
9:33 of 3rd period - Scott Gomez wins face-off versus Marcus Johansson in Penguins zone.
9:33 of 3rd period - Scott Gomez is hit by Mark Ardelan.
9:45 of 3rd period - Shot by Mark Ardelan.
9:45 of 3rd period - Shot Misses the Net.
10:05 of 3rd period - Marcus Johansson is hit by Dion Phaneuf.
10:32 of 3rd period - Icing by Kurtis Foster.
10:33 of 3rd period - Patrick O'Sullivan wins face-off versus Jordan Schroeder in Penguins zone.
10:38 of 3rd period - Shot by Tyler Seguin.
10:38 of 3rd period - Shot Misses the Net.
10:40 of 3rd period - Shot by James Van Riemsdyk.
10:40 of 3rd period - Shot Misses the Net.
10:51 of 3rd period - Jiri Novotny is hit by Brent Burns and loses puck.
10:58 of 3rd period - Shot by Tyler Seguin.
10:58 of 3rd period - Stopped by Jon Gillies with a rebound.
11:00 of 3rd period - Shot by Ryan McDonagh.
11:00 of 3rd period - Stopped by Jon Gillies without a rebound.
11:01 of 3rd period - Rickard Rakell wins face-off versus Alexander Wennberg in Penguins zone.
11:01 of 3rd period - Dale Weise is hit by Kyle Quincey and loses puck.
11:09 of 3rd period - Rickard Rakell is hit by Kyle Quincey and loses puck.
11:18 of 3rd period - Dmitri Kalinin is hit by Alexander Semin and loses puck.
11:22 of 3rd period - Icing by Dmitri Kalinin.
11:23 of 3rd period - Marcus Johansson wins face-off versus Rickard Rakell in Bruins zone.
11:27 of 3rd period - Marcus Johansson is hit by Alex Goligoski and loses puck.
11:36 of 3rd period - Shot by Marcus Johansson.
11:36 of 3rd period - Shot Misses the Net.
11:42 of 3rd period - Shot by Alex Goligoski.
11:42 of 3rd period - Shot Blocked by Mark Ardelan.
11:44 of 3rd period - Shot by Dale Weise.
11:44 of 3rd period - Stopped by Jon Gillies with a rebound.
11:46 of 3rd period - Shot by Dmitri Kalinin.
11:46 of 3rd period - Shot Hit the Post.
12:11 of 3rd period - Off-side.
12:12 of 3rd period - Scott Gomez wins face-off versus Alexander Wennberg in neutral zone.
13:24 of 3rd period - Shot by Tyler Seguin.
13:24 of 3rd period - Stopped by Jon Gillies without a rebound.
13:25 of 3rd period - Perttu Lindgren wins face-off versus Rickard Rakell in Penguins zone.
13:25 of 3rd period - Perttu Lindgren is hit by Rickard Rakell.
13:30 of 3rd period - Off-side.
13:31 of 3rd period - Marcus Johansson wins face-off versus Rickard Rakell in neutral zone.
13:38 of 3rd period - Off-side.
13:39 of 3rd period - Marcus Johansson wins face-off versus Patrick O'Sullivan in neutral zone.
13:54 of 3rd period - Shot by Tyler Seguin.
13:54 of 3rd period - Stopped by Jon Gillies without a rebound.
13:55 of 3rd period - Scott Gomez wins face-off versus Jordan Schroeder in Penguins zone.
14:00 of 3rd period - Shot by Brad Marchand.
14:00 of 3rd period - Shot Blocked by Olli Maata.
14:02 of 3rd period - Shot by Brad Marchand.
14:02 of 3rd period - Shot Misses the Net.
14:10 of 3rd period - Shot by Scott Gomez.
14:10 of 3rd period - Stopped by Jon Gillies without a rebound.
14:11 of 3rd period - Patrick O'Sullivan wins face-off versus Alexander Wennberg in Penguins zone.
14:25 of 3rd period - Minor Penalty to Ryan McDonagh for Interference.
14:26 of 3rd period - Alexander Wennberg wins face-off versus Brad Marchand in Bruins zone.
14:29 of 3rd period - Shot by Alexander Semin.
14:29 of 3rd period - Stopped by Dany Sabourin without a rebound.
14:30 of 3rd period - Alexander Wennberg wins face-off versus Brad Marchand in Bruins zone.
14:31 of 3rd period - Shot by Alexander Semin.
14:31 of 3rd period - Stopped by Dany Sabourin with a rebound.
14:56 of 3rd period - Shot by Alexander Wennberg.
14:56 of 3rd period - Deflect By Alexander Semin.
14:56 of 3rd period - Shot Misses the Net.
14:58 of 3rd period - Shot by Dan Hamhuis.
14:58 of 3rd period - Goal by Dan Hamhuis - Penguins : 3 - Bruins : 3.
14:59 of 3rd period - Rickard Rakell wins face-off versus Jordan Schroeder in neutral zone.
15:03 of 3rd period - Off-side.
15:04 of 3rd period - Jordan Schroeder wins face-off versus Rickard Rakell in neutral zone.
15:04 of 3rd period - Mark Ardelan is hit by Ryan O'Marra and loses puck.
15:24 of 3rd period - Shot by Dale Weise.
15:24 of 3rd period - Shot Blocked by Mark Ardelan.
15:34 of 3rd period - Shot by Jiri Novotny.
15:34 of 3rd period - Stopped by Dany Sabourin without a rebound.
15:35 of 3rd period - Kamil Kreps wins face-off versus Patrick O'Sullivan in Bruins zone.
15:46 of 3rd period - Shot by Alexander Semin.
15:46 of 3rd period - Deflect By Alexander Wennberg.
15:46 of 3rd period - Shot Misses the Net.
16:10 of 3rd period - Alexander Wennberg is hit by Brent Burns and loses puck.
16:37 of 3rd period - Olli Maata is hit by James Van Riemsdyk and loses puck.
16:46 of 3rd period - Shot by Nick Ritchie.
16:46 of 3rd period - Shot Misses the Net.
16:55 of 3rd period - Off-side.
16:56 of 3rd period - Scott Gomez wins face-off versus Perttu Lindgren in neutral zone.
17:13 of 3rd period - Shot by Dustin Jeffrey.
17:13 of 3rd period - Stopped by Dany Sabourin without a rebound.
17:14 of 3rd period - Jordan Schroeder wins face-off versus Rickard Rakell in Bruins zone.
17:14 of 3rd period - Jordan Schroeder is hit by Dmitri Kalinin.
17:18 of 3rd period - Shot by Alexander Burmistrov.
17:18 of 3rd period - Stopped by Dany Sabourin with a rebound.
17:38 of 3rd period - Shot by Alexander Burmistrov.
17:38 of 3rd period - Shot Misses the Net.
17:48 of 3rd period - Alexander Burmistrov is hit by Rickard Rakell.
17:49 of 3rd period - Icing by Alexander Burmistrov.
17:50 of 3rd period - Jordan Schroeder wins face-off versus Brad Marchand in Penguins zone.
18:03 of 3rd period - Shot by Jordan Schroeder.
18:03 of 3rd period - Shot Misses the Net.
18:05 of 3rd period - Shot by Alexander Burmistrov.
18:05 of 3rd period - Shot Blocked by Dion Phaneuf.
18:33 of 3rd period - Shot by Kyle Quincey.
18:33 of 3rd period - Stopped by Dany Sabourin without a rebound.
18:34 of 3rd period - Patrick O'Sullivan wins face-off versus Nick Ritchie in Bruins zone.
18:41 of 3rd period - Shot by Brent Burns.
18:41 of 3rd period - Goal by Brent Burns - Penguins : 3 - Bruins : 4.
18:42 of 3rd period - Marcus Johansson wins face-off versus Patrick O'Sullivan in neutral zone.
18:44 of 3rd period - Kyle Quincey is hit by Ryan McDonagh and loses puck.
18:48 of 3rd period - Minor Penalty to James Van Riemsdyk for Hooking.
18:49 of 3rd period - Alexander Wennberg wins face-off versus Brad Marchand in Bruins zone.
19:10 of 3rd period - Penguins, Jon Gillies is pulled from the net.
19:14 of 3rd period - Shot by Kurtis Foster.
19:14 of 3rd period - Shot Misses the Net.
19:16 of 3rd period - Shot by Olli Maata.
19:16 of 3rd period - Stopped by Dany Sabourin without a rebound.
19:17 of 3rd period - Kamil Kreps wins face-off versus Brad Marchand in Bruins zone.
19:18 of 3rd period - Shot by Kyle Quincey.
19:18 of 3rd period - Stopped by Dany Sabourin without a rebound.
19:19 of 3rd period - Jordan Schroeder wins face-off versus Brad Marchand in Bruins zone.
19:19 of 3rd period - Jordan Schroeder is hit by Ryan McDonagh.
19:25 of 3rd period - Shot by Kamil Kreps.
19:25 of 3rd period - Stopped by Dany Sabourin without a rebound.
19:26 of 3rd period - Alexander Wennberg wins face-off versus Brad Marchand in Bruins zone.
19:29 of 3rd period - Shot by Alexander Semin.
19:29 of 3rd period - Stopped by Dany Sabourin with a rebound.
19:31 of 3rd period - Shot by Kyle Quincey.
19:31 of 3rd period - Stopped by Dany Sabourin without a rebound.
19:32 of 3rd period - Alexander Wennberg wins face-off versus Brad Marchand in Bruins zone.
19:33 of 3rd period - Shot by Dan Hamhuis.
19:33 of 3rd period - Stopped by Dany Sabourin without a rebound.
19:34 of 3rd period - Alexander Wennberg wins face-off versus Brad Marchand in Bruins zone.
19:43 of 3rd period - Shot by Alexander Wennberg.
19:43 of 3rd period - Deflect By Alexander Semin.
19:43 of 3rd period - Stopped by Dany Sabourin without a rebound.
19:44 of 3rd period - Alexander Wennberg wins face-off versus Brad Marchand in Bruins zone.
Goals for this period are 1 for Penguins vs 1 for Bruins.
Shots for this period are 14 for Penguins vs 11 for Bruins.